 Dungeon Crawl Stone Soup version 0.31-a0-117-g42d8f58691 (webtiles) character file.

Game seed: 14377156779611921636

72 holysushi the Slasher (level 4, -2/38 HPs)
             Began as a Meteoran Monk on May 31, 2023.
             Was a Priest of Zin.
             Killed by nerve-wracking pain
             ... invoked by an orc priest
              (14 damage)
             ... on level 3 of the Dungeon.
             The game lasted 00:03:22 (817 turns).

holysushi the Slasher (Meteoran Monk)                Turns: 817, Time: 00:03:23

Health: -2/38      AC:  7    Str: 21    XL:     4   Next: 77%
Magic:  5/5        EV: 12    Int: 12    God:    Zin [***...]
Gold:   58         SH:  0    Dex: 18    Spells: 3/3 levels left

rFire   . . .        a - +0 falchion
rCold   . . .        d - orb {light}
rNeg    . . .        k - +2 ring mail "Pugeul" {Str+9 Stlth-}
rPois   .            (no helmet)
rElec   .            (no cloak)
rCorr   .            (no gloves)
SInv    .            (no boots)
Will    .....        m - amulet of regeneration Stlth
                     (no ring)
HPRegen 1.06/turn    (no ring)
MPRegen 0.09/turn

%: no passive effects
@: glowing
A: sense surroundings 1, otherworldly, glowing, explore regen
a: Renounce Religion, Recite, Vitalisation, Imprison, Donate Gold


You were on level 3 of the Dungeon.
You worshipped Zin.
Zin was most pleased with you.
You visited 1 branch of the dungeon, and saw 3 of its levels.

You collected 64 gold pieces.
You donated 6 gold pieces to Zin.

Inventory:

Hand Weapons
 a - a +0 falchion (weapon)
Armour
 b - a +0 robe
 d - an orb of light (worn)
 k - the +2 ring mail "Pugeul" (worn) {Str+9 Stlth-}
   (You found it on level 2 of the Dungeon)

   Str:       It affects your strength (+9).
   Stlth:     It makes you less stealthy.
Jewellery
 m - an amulet of regeneration (around neck)
Scrolls
 j - a scroll of immolation {unknown}
 l - a scroll of brand weapon {unknown}
Potions
 e - 2 potions of magic
 f - 2 potions of attraction {unknown}
 g - a potion of degeneration {unknown}
 h - a potion of might {unknown}
 i - a potion of haste {unknown}
 n - a potion of curing {unknown}
 o - a potion of heal wounds {unknown}


   Skills:
 - Level 3.2 Fighting
 + Level 6.0 Long Blades
 - Level 3.6 Dodging


You had 3 spell levels left.
You didn't know any spells.
Your spell library contained the following spells:

 Spells                   Type           Power      Damage    Failure   Level
 Summon Small Mammal      Summ           0%         N/A       50%         1
 Lesser Beckoning         Tloc           0%         N/A       63%         2
 Call Canine Familiar     Summ           0%         N/A       86%         3
 Gell's Gravitas          Tloc           0%         N/A       86%         3
 Summon Guardian Golem    Hex/Summ       0%         N/A       86%         3
 Teleport Other           Tloc           0%         N/A       86%         3


Dungeon Overview and Level Annotations

Branches:
Dungeon (3/15) Zot: 976

Altars:
Zin


Innate Abilities, Weirdness & Mutations

You passively map a small area around you.
You are easily found by Zot.
You glow in the dark.
You regain HP and MP as you explore.


Message History

An orc comes into view. It is wielding a +0 flail.
You feel sick.
The orc shouts!
The orc priest hits you but does no damage.
There is a stone staircase leading down, spattered with blood here.
You hit the orc priest.
The orc priest is lightly wounded.
You feel sick.
The orc priest hits you but does no damage.
You are confused.
You feel invigorated.
You feel sick.
The orc priest hits you but does no damage.
The orc hits you with a +0 flail!
* * * LOW HITPOINT WARNING * * *
You bump into the rock wall.
You feel sick.
The orc priest hits you with a +0 short sword.
* * * LOW HITPOINT WARNING * * *
The orc barely misses you.
You hit the orc priest but do no damage.
The orc priest is lightly wounded.
You feel sick.
The orc priest hits you with a +0 short sword.
The orc hits you but does no damage.
You bump into the rock wall.
You feel less invigorated.
You feel less confused.
You feel sick.
The orc priest hits you with a +0 short sword.
The orc hits you with a +0 flail.
You barely miss the orc priest.
The orc priest is lightly wounded.
You feel sick.
The orc priest hits you but does no damage.
The orc hits you with a +0 flail.
You slash the orc priest!
The orc priest is severely wounded.
You feel sick.
You are no longer poisoned.
The orc priest invokes the aid of Beogh against you.
Pain shoots through your body!
You die...

....# ..# ##..# #.#
....###.# #
###.....#### *, ,.# #
##.......# ###.#
#.......# #..., *
#.......#####$# * ,
#.......##..oo# #
*#.......##.##@###.#
#.*#.......##.##.)...#
#.##.......##.########
....#########.#
#.#.#########.#
#.............#
###.########### #.#
,..#


You could see an orc priest and an orc.

Vanquished Creatures
  2 adders
  6 orcs (D:3)
  8 endoplasms
  3 giant cockroaches (D:1)
  A goblin (D:2)
  3 hobgoblins
  2 kobolds (D:1)
  2 quokkas (D:1)
  4 ball pythons
  2 bats (D:1)
  7 frilled lizards
  5 rats
45 creatures vanquished.

Notes
Turn   | Place    | Note
-------+----------+-------------------------------------------
     0 | D:1      | holysushi the Meteoran Monk began the quest for the Orb.
     0 | D:1      | Reached XP level 1. HP: 19/19 MP: 2/2
    47 | D:1      | Reached skill level 4 in Long Blades
    48 | D:1      | Reached XP level 2. HP: 18/26 MP: 3/3
   128 | D:1      | Found a faded altar of an unknown god.
   136 | D:1      | Prayed at the altar of an unknown god.
   136 | D:1      | Became a worshipper of Zin the Law-Giver
   136 | D:1      | Reached * piety under Zin
   136 | D:1      | Reached ** piety under Zin
   165 | D:1      | Reached XP level 3. HP: 31/31 MP: 4/4
   360 | D:1      | Reached *** piety under Zin
   370 | D:1      | Reached skill level 5 in Long Blades
   543 | D:2      | Identified the +2 ring mail "Pugeul" {Str+9 Stlth-}
   686 | D:2      | Reached XP level 4. HP: 38/38 MP: 5/5
   808 | D:3      | Reached skill level 6 in Long Blades
   817 | D:3      | Killed from afar by an orc priest

Illustrated notes

Levels and vault maps discovered:
D:1:      erik_arrival_triangle_medium, layout_loops_ring, serial_forest,
          infiniplex_forest_lined_room_2, infiniplex_forest_straight_2,
          infiniplex_forest_corner_1, infiniplex_forest_clump_curved,
          infiniplex_forest_zigzag_1, infiniplex_forest_straight_4,
          infiniplex_forest_clump_small, ebering_ecumenical_altar_ruins,
          corexii_leaking_fountain
D:2:      layout_loops_ring
D:3:      layout_loops_cross, kennysheep_pointless_box, minmay_misc_feat_encased

Skill      XL: |  1  2  3  4 |
---------------+-------------+-----
Long Blades    | 4 5 6 |  6.0
Fighting       | |  3.2
Dodging        | |  3.6

Action                     |  1- 3 |  4- 6 || total
---------------------------+-------+-------++-------
  Melee: Falchion          |    64 |    29 ||    93
    Use: Scroll            |     2 |       ||     2
         Potion            |       |     1 ||     1
 Armour: Robe              |    15 |       ||    15
         Ring mail         |     6 |    14 ||    20
  Dodge: Dodged            |    38 |    12 ||    50

Table legend: (Time is in decaauts)
 A = Elapsed time spent in this place.
 B = Non-inter-level travel time spent in this place.
 C = Inter-level travel time spent in this place.
 D = Time resting spent in this place.
 E = Time spent auto-exploring this place.
 F = Levels seen in this place.
 G = Mean time per level.
                   A        B        C        D        E       F      G
               +--------+--------+--------+--------+--------+-----+--------+
         Total |    822 |    801 |     21 |      0 |      0 |   3 |  274.0 |
       Dungeon |    822 |    801 |     21 |      0 |      0 |   3 |  274.0 |
               +--------+--------+--------+--------+--------+-----+--------+

Top non-repeatable levels by time:
     D:1: 471 daAuts
     D:2: 201 daAuts
     D:3: 149 daAuts
